 Dungeon Sprint DCSS version 0.19-a0-1532-g228a5d9 (webtiles) character file.

239 poirepourri the Jinx (level 5, -4/24 HPs)
             Began as a Spriggan Enchanter on Sept 13, 2016.
             Was a Follower of Dithmenos.
             Hit by a stone thrown by a spriggan (11 damage)
             ... in the Dungeon (Sprint IV: "Fedhas' Mad Dash").
             The game lasted 00:01:46 (427 turns).

poirepourri the Jinx (Spriggan Enchanter)            Turns: 427, Time: 00:01:46

Health: -4/24      AC:  3    Str:  4    XL:     5   Next: 79%
Magic:  8/15       EV: 22    Int: 17    God:    Dithmenos [*.....]
Gold:   102        SH:  0    Dex: 17    Spells: 5 memorised, 6 levels left

rFire  . . .     SeeInvis +     a - +1 dagger
rCold  . . .     Gourm    .     b - +1 robe
rNeg   . . .     Faith    .     (shield restricted)
rPois  .         Spirit   .     (helmet restricted)
rElec  .         Dismiss  .     (no cloak)
rCorr  .         Reflect  .     (gloves unavailable)
MR     .....     Harm     .     (boots unavailable)
Stlth  ++++...... NoTele   +    k - amulet of invisibility {+Inv}
                                (no ring)
                                (no ring)

@: wreathed by umbra, very quick
A: unfitting armour, see invisible, herbivore 3, speed 3, slow metabolism 2
a: Renounce Religion, Evoke Invisibility


You were in the Dungeon.
You worshipped Dithmenos.
Dithmenos was aware of your devotion.
You were not hungry.

You visited 1 branch You collected 102 gold pieces.

Inventory:

Hand Weapons
 a - a +1 dagger (weapon)
Armour
 b - a +1 robe (worn)
Jewellery
 k - the amulet of invisibility (around neck) {+Inv}
   (You found it in the Dungeon)

   [amulet of nothing]

   It lets you turn invisible.
Scrolls
 j - a scroll of blinking
Potions
 g - a potion of haste
 h - a potion of magic
Books
 c - a book of Maledictions

   Spells                             Type                      Level
   a - Corona                         Hexes                        1
   b - Ensorcelled Hibernation        Hexes/Ice                    2
   c - Confuse                        Hexes                        3
   d - Tukima's Dance                 Hexes                        3
   e - Dazzling Spray                 Conjuration/Hexes            3
Comestibles
 d - a bread ration


   Skills:
 + Level 3.4 Short Blades
 + Level 6.6 Dodging
 - Level 6.0 Stealth
 + Level 7.1 Spellcasting
 + Level 10.8 Hexes
 + Level 1.4 Ice Magic


You had 6 spell levels left.
You knew the following spells:

 Your Spells              Type           Power        Failure   Level  Hunger
a - Corona                Hex            #####..      1%          1    None
b - Ensorcelled Hibernat  Hex/Ice        ####..       1%          2    None
c - Confuse               Hex            #####...     1%          3    ##.....
d - Tukima's Dance        Hex            #####...     1%          3    ##.....
e - Dazzling Spray        Conj/Hex       ###...       4%          3    ##.....


Dungeon Overview and Level Annotations

Branches:
Dungeon (1/1)

Altars:
Cheibriados
Dithmenos
Elyvilon
Gozag
Hepliaklqana
Kikubaaqudgha
Makhleb
Nemelex Xobeh
Okawaru
Qazlal
Ru
Sif Muna
Trog
Uskayaw
Vehumet
Xom
Yredelemnul
Zin
The Shining One
Beogh
Jiyva
Lugonu


Innate Abilities, Weirdness & Mutations

You are tiny and cannot use many weapons and most armour.
You have supernaturally acute eyesight. (SInv)
You are a herbivore.
You cover ground extremely quickly.
You need consume almost no food.


Message History

Aiming: Ensorcelled Hibernation
Press: ? - help, Shift-Dir - straight line, f/p - spriggan
Aim: a spriggan, wielding a staff of summoning and wearing a robe (umbra, chance to defeat MR: 23%)
The spriggan resists with almost no effort.
The spriggan hits you with a staff of summoning!
* * * LOW HITPOINT WARNING * * *
The spriggan throws a stone.
The stone hits you.
* * * LOW HITPOINT WARNING * * *
You see here a stone.
There is a corrupted altar of Lugonu here.
Casting: Ensorcelled Hibernation
Confirm with . or Enter, or press ? or * to list all spells.
Aiming: Ensorcelled Hibernation
Press: ? - help, Shift-Dir - straight line, f/p - spriggan
Aim: a spriggan, wielding a staff of summoning and wearing a robe (chance to defeat MR: 23%)
The spriggan resists with almost no effort.
The spriggan throws a stone.
The stone barely misses you.
The spriggan throws a stone.
The stone misses you.
You feel better.
The spriggan throws a stone.
The stone hits you!
You die...

#############################
†#.....#.⌠._._._)_.⌠.#..'$..#
.'.#)).'.._._†_._._(.i..#$s$#
.#.#...#..._._._@_...#..###+#
#####'##.._._._._._..#..#
+...#.⌠._._._._.⌠.####
#...############### #####


You could see a spriggan.

Vanquished Creatures
  A scorpion (D)
  4 oklob saplings (D)
  A worker ant (D)
  A spriggan (D)
  A river rat (D)
  A rat (D)
9 creatures vanquished.

Notes
Turn   | Place    | Note
-------+----------+-------------------------------------------
     0 | D        | poirepourri the Spriggan Enchanter began the quest for the Orb.
     0 | D        | Reached XP level 1. HP: 9/9 MP: 5/5
     8 | D        | Reached skill level 4 in Hexes
     8 | D        | Reached XP level 2. HP: 13/13 MP: 7/7
    17 | D        | Learned a level 2 spell: Ensorcelled Hibernation
    20 | D        | Noticed an oklob sapling
    27 | D        | Killed an oklob sapling
    27 | D        | Reached skill level 6 in Hexes
    27 | D        | Reached XP level 3. HP: 16/16 MP: 9/9
    31 | D        | Reached skill level 7 in Hexes
    46 | D        | Noticed an oklob sapling
    49 | D        | Killed an oklob sapling
    49 | D        | Reached skill level 5 in Dodging
    49 | D        | Reached skill level 8 in Hexes
    49 | D        | Reached XP level 4. HP: 21/21 MP: 9/11
    66 | D        | Learned a level 3 spell: Confuse
    70 | D        | Learned a level 3 spell: Tukima's Dance
   192 | D        | Learned a level 3 spell: Dazzling Spray
   192 | D        | Found an opulent altar of Gozag.
   192 | D        | Found a hazy altar of Hepliaklqana.
   192 | D        | Found a burning altar of Makhleb.
   192 | D        | Found a roughly hewn altar of Beogh.
   192 | D        | Found a sparkling altar of Nemelex Xobeh.
   192 | D        | Found a snail-covered altar of Cheibriados.
   192 | D        | Found a sacrificial altar of Ru.
   192 | D        | Found a deep blue altar of Sif Muna.
   192 | D        | Found a shimmering altar of Xom.
   192 | D        | Found a basalt altar of Yredelemnul.
   193 | D        | Found a viscous altar of Jiyva.
   193 | D        | Found a bloodstained altar of Trog.
   195 | D        | Found an iron altar of Okawaru.
   195 | D        | Found a glowing silver altar of Zin.
   195 | D        | Found a shadowy altar of Dithmenos.
   196 | D        | Found a hide-covered altar of Uskayaw.
   196 | D        | Found an ancient bone altar of Kikubaaqudgha.
   197 | D        | Found a stormy altar of Qazlal.
   197 | D        | Found a glowing golden altar of the Shining One.
   197 | D        | Found a white marble altar of Elyvilon.
   198 | D        | Found a radiant altar of Vehumet.
   198 | D        | Found a corrupted altar of Lugonu.
   220 | D        | Reached skill level 5 in Spellcasting
   220 | D        | Reached skill level 9 in Hexes
   225 | D        | Became a worshipper of Dithmenos the Shadowed
   272 | D        | Reached skill level 10 in Hexes
   272 | D        | Reached XP level 5. HP: 24/24 MP: 12/14
   320 | D        | Reached * piety under Dithmenos
   320 | D        | Reached skill level 1 in Ice Magic
   422 | D        | HP: 1/24 [spriggan/stone (5)]
   427 | D        | Hit by a stone thrown by a spriggan

Vault maps used:
D:        dungeon_sprint_fedhas

Skill      XL: |  1  2  3  4  5 |
---------------+----------------+-----
Stealth        | 6 |  6.0
Spellcasting   | 3 4 6 7 |  7.1
Hexes          | 4 6 8 10 | 10.8
Dodging        | 4 5 6 |  6.6
Short Blades   | 2 3 |  3.4
Ice Magic      | 1 |  1.4

Action                   |  1- 3 |  4- 6 || total
-------------------------+-------+-------++-------
Melee: Dagger            |     9 |    20 ||    29
 Cast: Confuse           |       |     1 ||     1
       Ensorcelled Hiber |       |    12 ||    12
  Use: Potion            |     1 |     4 ||     5
 Stab: Sleeping          |     3 |     3 ||     6
Armor: Robe              |       |     1 ||     1
Dodge: Dodged            |       |     7 ||     7
